Map: Proxima Station LE

Players

FreeMind

  • Race: Protoss Protoss
  • League: Diamond
  • Spawn Location: 1:00

Musumeci - Winner!

  • Race: Zerg Zerg
  • League: Diamond
  • Spawn Location: 7:00

VOD

Have the link to the VOD?

Description

Time

  • Played on: Feb. 8, 2017, 1:05 p.m.
  • Length: 3:22
Show
View Real Time Build Order
Export as new Build Order

FreeMind Protoss 

Build Orders: 1 Gate Expand 

Get SALT Encoding   

  12  0:01  Probe (Chrono Boost)  
  13  0:12  Probe (Chrono Boost)  
  14  0:18  Pylon  
  14  0:23  Probe (Chrono Boost)  
  15  0:36  Probe (Chrono Boost)  
  15  0:39  Gateway  
  16  0:46  Assimilator  
  16  0:47  Probe (Chrono Boost)  
  17  0:59  Probe (Chrono Boost)  
  18  1:09  Probe (Chrono Boost)  
  19  1:22  Nexus  
  19  1:31  Cybernetics Core  
  19  1:33  Zealot  
  21  1:46  Probe (Chrono Boost)  
  22  1:48  Pylon  
  22  1:57  Forge  
  24  2:09  Mothership Core (Chrono Boost)  
  26  2:31  Photon Cannon  
  26  2:39  Pylon  
  26  2:49  Photon Cannon  
Show
View Real Time Build Order
Export as new Build Order

Musumeci Zerg - Winner!

Build Orders: Pool First 

Get SALT Encoding   

  12  0:02  Drone  
  13  0:10  Drone  
  14  0:29  Spawning Pool  
  13  0:48  Drone  
  13  0:49  Overlord  
  14  1:16  Hatchery  
  13  1:19  Zergling x4  
  15  1:45  Hatchery  
  14  1:48  Zergling x2  
  14  1:52  Zergling x2  
  16  2:00  Zergling x4  
  18  2:10  Zergling x2  
  19  2:25  Zergling x2  
  20  2:35  Queen, Zergling x2  
  22  2:43  Zergling x2  
  23  2:50  Zergling x2  
  25  3:04  Zergling x2  
Tags
 
Add a new tag
Caveats
  • Supply blocks, unpowered buildings, or Contaminate may cause inaccurate times.
  • Supply counts are checked every 10 seconds.